 Dungeon Crawl Stone Soup version 0.23.1-37-gaa34b87 (webtiles) character file.

Game seed: 8528502268961234584

3537 vishdafish the Grappler (level 10, -6/71 HPs)
             Began as an Octopode Fighter on Mar 21, 2019.
             Was a High Priest of Cheibriados.
             Mangled by an orc warrior
             ... wielding a +0 trident
              (21 damage)
             ... on level 7 of the Dungeon.
             The game lasted 00:12:17 (6382 turns).

vishdafish the Grappler (Octopode Fighter)          Turns: 6382, Time: 00:12:18

Health: -6/71      AC:  1    Str: 27    XL:     10   Next: 8%
Magic:  10/16      EV: 13    Int: 25    God:    Cheibriados [*****.]
Gold:   468        SH: 11    Dex: 22    Spells: 8/9 levels left

rFire    . . .     SeeInvis .     - Unarmed
rCold    . . .     Gourm    .   a - +0 shield
rNeg     + . .     Faith    +   (helmet restricted)
rPois    .         Spirit   .   x - amulet of faith
rElec    .         Reflect  .   l - ring of positive energy
rCorr    .         Harm     .   D - ring of flight
MR       .....                  (no ring)
Stlth    +++.......             (no ring)
HPRegen  0.21/turn              (no ring)
MPRegen  0.15/turn              (no ring)
                                (no ring)
                                (no ring)

@: very slow
A: almost no armour, stealthy swim, amphibious, 8 rings, constrict 8, camouflage
1, gelatinous body 1
a: Bend Time, Temporal Distortion, Slouch, Step From Time, Renounce Religion,
Evoke Flight


You were on level 7 of the Dungeon.
You worshipped Cheibriados.
Cheibriados was extremely pleased with you.
You were hungry.

You visited 1 branch of the dungeon, and saw 7 of its levels.
You also visited: Sewer and Ossuary.

You collected 468 gold pieces.

Inventory:

Missiles
 m - 6 javelins (quivered)
Armour
 a - a +0 shield (worn)
Jewellery
 l - a ring of positive energy (left tentacle)
 x - an amulet of faith (around mantle)
 D - a ring of flight (right tentacle)
Scrolls
 d - 5 scrolls of teleportation
 g - a scroll of vulnerability {unknown}
 h - 3 scrolls of random uselessness
 k - 5 scrolls of remove curse
 o - 3 scrolls of blinking {unknown}
 q - 4 scrolls of noise {unknown}
 s - 3 scrolls of fear {unknown}
 u - 2 scrolls of enchant armour {unknown}
 v - 2 scrolls of amnesia {unknown}
 y - a scroll of enchant weapon {unknown}
 C - a scroll of magic mapping
Potions
 b - 2 potions of haste
 e - a potion of brilliance
 i - 2 potions of degeneration
 j - 9 potions of heal wounds
 n - 14 potions of curing
 p - a potion of might
 r - 6 potions of flight
 t - a potion of cancellation {unknown}
 w - 2 potions of agility {unknown}
 z - 2 potions of mutation {unknown}
 A - a potion of ambrosia {unknown}
 B - a potion of invisibility {unknown}
Comestibles
 c - 12 rations


   Skills:
 - Level 7.2 Fighting
 - Level 3.2 Dodging
 - Level 0.7 Stealth
 - Level 5.1 Shields
 - Level 9.3 Unarmed Combat
 + Level 8.0 Invocations


You had 8 spell levels left.
You knew the following spells:

 Your Spells              Type           Power        Failure   Level  Hunger
a - Confusing Touch       Hex            #.....       43%         1    ##.....

Your spell library contained the following spells:

 Spells                   Type           Power        Failure   Level  Hunger
 Confuse                  Hex            #.......     82%         3    ####...
 Gell's Gravitas          Tloc           #.........   82%         3    ####...
 Petrify                  Tmut/Erth      #.......     99%         4    #####..
 Metabolic Englaciation   Hex/Ice        #.........   100%        5    ######.
 Yara's Violent Unravell  Hex/Tmut       #.........   100%        5    ######.


Dungeon Overview and Level Annotations

Branches:
Dungeon (7/15)             Temple (0/1) D:4

Altars:
Cheibriados
Gozag
Hepliaklqana
Nemelex Xobeh
Xom
Zin


Innate Abilities, Weirdness & Mutations

You cannot wear most types of armour.
You are very stealthy in the water. (Stealth+)
You are amphibious.
You can wear up to eight rings at the same time.
You can use your tentacles to constrict eight enemies at once.
Your skin changes colour to match your surroundings (Stealth+).
Your rubbery body absorbs attacks. (AC +1, EV +1)


Message History

You are too injured to fight recklessly!
You can feel time thicken for a moment.
You kill the orc priest!
Cheibriados thoroughly appreciates the change of pace.
Your Invocations skill increases to level 8!
You feel somewhat more hungry.
Cheibriados lowers the support of your attributes as your movement quickens.
The orc warrior barely misses you.
The orc warrior hits you with a +0 trident!!
* * * LOW HITPOINT WARNING * * *
You tentacle-slap the orc warrior but do no damage.
Your grab misses the orc warrior.
The orc warrior is severely wounded.
You block the orc warrior's attack.
You tentacle-slap the orc warrior but do no damage.
You grab the orc warrior.
The orc warrior is severely wounded.
You constrict the orc warrior.
The orc warrior hits you with a +0 trident!!
You die...

##.# #># #.#
# #.## .#
#..#####.###
##††..$....#
#)†.......#
#####
##........#
#...#
#.)@.....#
#...#
#..o.....#
#..=#
#........#
#...#
#..?.....#
#...#
###..#+###
#..(######
##)#
#.....)..#
.#
#........#
.#
#........#


You could see an orc warrior.

Vanquished Creatures
  A two-headed ogre (D:5)
  Duvessa (D:7)
  2 ice beasts
  An orc warrior (D:7)
  A phantom (D:5)
  4 ogres
  2 centaurs
  2 elf zombies (D:6)
  3 bullfrogs (D:6)
  Dowan (D:7)
  2 elf skeletons (D:6)
  A scorpion (D:6)
  3 howler monkeys
  3 crimson imps (D:6)
  5 hounds
  2 centaur skeletons
  6 orc priests
  2 jellies (D:7)
  A human skeleton (D:6)
  2 iguanas
  3 worker ants
  3 orc wizards
  8 mummies (Ossuary)
  18 adders
  8 river rats
  4 dart slugs
  6 worms
  7 leopard geckos
  18 orcs
  10 bats
  3 giant cockroaches
  2 gnoll zombies (Ossuary)
  3 goblins
  4 hobgoblins
  7 jackals
  23 kobolds
  5 ball pythons
  4 frilled lizards
  A hobgoblin zombie (Ossuary)
  2 kobold zombies (Ossuary)
  4 orc zombies
  23 rats
211 creatures vanquished.

Notes
Turn   | Place    | Note
-------+----------+-------------------------------------------
     0 | D:1      | vishdafish the Octopode Fighter began the quest for the
                  | Orb.
     0 | D:1      | Reached XP level 1. HP: 16/16 MP: 1/1
   131 | D:1      | Reached XP level 2. HP: 19/21 MP: 2/2
   950 | D:2      | Reached XP level 3. HP: 24/26 MP: 3/3
   997 | D:2      | Found a snail-covered altar of Cheibriados.
  1003 | D:2      | Became a worshipper of Cheibriados the Contemplative
  1055 | D:2      | Found a faded altar of an unknown god.
  1863 | D:3      | Reached XP level 4. HP: 28/31 MP: 4/4
  1882 | D:3      | Reached skill level 3 in Unarmed Combat
  1917 | D:3      | Reached XP level 5. HP: 28/36 MP: 5/5
  2234 | D:3      | Learned a level 1 spell: Confusing Touch
  2367 | D:3      | Found a shimmering altar of Xom.
  2380 | D:3      | Reached * piety under Cheibriados
  2916 | D:4      | Reached skill level 5 in Shields
  2916 | D:4      | Reached skill level 4 in Unarmed Combat
  2916 | D:4      | Reached XP level 6. HP: 36/42 MP: 6/6
  3037 | D:4      | Found an opulent altar of Gozag.
  3263 | D:4      | Found a staircase to the Ecumenical Temple.
  3486 | D:5      | Entered Level 5 of the Dungeon
  3487 | D:5      | Noticed a phantom
  3500 | D:5      | Killed a phantom
  3500 | D:5      | Reached skill level 1 in Invocations
  3663 | D:5      | Noticed a two-headed ogre
  3678 | D:5      | Killed a two-headed ogre
  3678 | D:5      | Reached skill level 6 in Unarmed Combat
  3678 | D:5      | Reached skill level 5 in Invocations
  3678 | D:5      | Reached XP level 7. HP: 25/46 MP: 5/10
  3678 | D:5      | Reached XP level 8. HP: 28/52 MP: 5/11
  3886 | D:5      | Reached ** piety under Cheibriados
  3950 | D:5      | Found a glowing drain.
  3956 | Sewer    | Entered a sewer
  4131 | Sewer    | Reached *** piety under Cheibriados
  4310 | Sewer    | Reached skill level 7 in Unarmed Combat
  4580 | D:5      | Reached **** piety under Cheibriados
  4829 | D:6      | Reached skill level 5 in Fighting
  4885 | D:6      | Reached XP level 9. HP: 49/61 MP: 12/12
  4887 | D:6      | Reached skill level 8 in Unarmed Combat
  5025 | D:6      | Found a sand-covered staircase.
  5037 | Ossuary  | Entered an ossuary
  5404 | D:6      | Reached ***** piety under Cheibriados
  5653 | D:6      | Reached skill level 9 in Unarmed Combat
  5844 | D:7      | Found a glowing silver altar of Zin.
  6051 | D:7      | Found a sparkling altar of Nemelex Xobeh.
  6124 | D:7      | Noticed Duvessa
  6126 | D:7      | Found a hazy altar of Hepliaklqana.
  6127 | D:7      | Noticed Dowan
  6136 | D:7      | Killed Duvessa
  6140 | D:7      | Killed Dowan
  6140 | D:7      | Reached XP level 10. HP: 30/71 MP: 13/15
  6382 | D:7      | Mangled by an orc warrior

Skill      XL: |  1  2  3  4  5  6  7  8  9 10 |
---------------+-------------------------------+-----
Shields        | 4 5 |  5.1
Unarmed Combat | 3 4 6 7 9 |  9.3
Invocations    | 5 7 8 |  8.0
Fighting       | 5 7 |  7.2
Dodging        | |  3.2
Stealth        | |  0.7

Action                   |  1- 3 |  4- 6 |  7- 9 | 10-12 || total
-------------------------+-------+-------+-------+-------++-------
Melee: Unarmed           |    71 |   115 |   222 |    20 ||   428
       Tentacles         |    20 |    24 |    71 |     6 ||   121
       Constrict         |    26 |    32 |    62 |     6 ||   126
       Punch             |     2 |     2 |    18 |     2 ||    24
Throw: Javelin           |       |       |     5 |       ||     5
Invok: Bend Time         |       |     1 |       |       ||     1
       Slouch            |       |       |     2 |     1 ||     3
  Use: Scroll            |       |     7 |     7 |       ||    14
       Potion            |       |     2 |     5 |       ||     7
 Stab: Sleeping          |    11 |     4 |    15 |       ||    30
  Eat: Chunk             |     3 |     4 |     5 |       ||    12
Armor: Skin              |     5 |     5 |     8 |     1 ||    19
Dodge: Dodged            |    38 |    59 |    82 |     4 ||   183
Block: Shield            |    35 |    47 |   106 |     6 ||   194
